TOP OF THE 1ST |
District 9 Prawns batting - Pitching for Houston Hammertime : RHP Jun Kawashima
|
Pitching: RHP Jun Kawashima
|
|
Batting: SHB Félix Montoya
|
0-0: Ball 1-0: Ball 2-0: Swinging Strike 2-1: Called Strike 2-2: Foul Ball, location: 2F 2-2: Ball 3-2: Fly out, F4 (Popup, 4S)
|
Batting: RHB José Colón
|
0-0: Called Strike 0-1: Swinging Strike 0-2: Ball 1-2: Ball 2-2: Ground out 5-3 (Groundball, 5L)
|
Batting: SHB Rick Turner
|
0-0: Ball 1-0: Ball 2-0: Ball 3-0: Base on Balls
|
Batting: LHB Terry Simpson
|
0-0: Called Strike 0-1: Ball 1-1: Called Strike 1-2: Strikes out swinging
|
Top of the 1st over - 0 run(s), 0 hit(s), 0 error(s), 1 left on base; District 9 0 - Houston 0 |
BOTTOM OF THE 1ST |
Houston Hammertime batting - Pitching for District 9 Prawns : RHP Ignacio Morales
|
Pitching: RHP Ignacio Morales
|
|
Batting: SHB Carlos Córdova
|
0-0: Ball 1-0: Ball 2-0: Ball 3-0: Called Strike 3-1: Called Strike 3-2: Base on Balls
|
Batting: RHB David Hernández
|
0-0: Called Strike 0-1: Ball 1-1: Foul Ball, location: 2F 1-2: Strikes out swinging
|
Batting: RHB Alonso Holguín
|
0-0: Called Strike Carlos Córdova steals 2nd base 0-1: Ball 1-1: Ball 2-1: Called Strike 2-2: SINGLE (Line Drive, 6) Carlos Córdova to third Runner from 3rd tries for Home, SAFE, no throw
|
Batting: LHB Frank Geddes
|
0-0: Fly out, F9 (Line Drive, 9D)
|
Batting: RHB John Major
|
0-0: Foul Ball, location: 2F 0-1: Ground out 2-3 (Groundball, 15S)
|
Bottom of the 1st over - 1 run(s), 1 hit(s), 0 error(s), 1 left on base; District 9 0 - Houston 1 |
TOP OF THE 2ND |
District 9 Prawns batting - Pitching for Houston Hammertime : RHP Jun Kawashima
|
Batting: RHB Felipe Jareño
|
0-0: Called Strike 0-1: Foul Ball, location: 2F 0-2: Strikes out looking
|
Batting: LHB Culley Vaughan
|
0-0: Swinging Strike 0-1: Foul Ball, location: 2F 0-2: Foul Ball, location: 2F 0-2: Ball 1-2: Ball 2-2: Foul Ball, location: 2F 2-2: Strikes out swinging
|
Batting: LHB Mike Davis
|
0-0: Ball 1-0: Foul Ball, location: 2F 1-1: Ball 2-1: Called Strike 2-2: Foul Ball, location: 2F 2-2: Ground out 4-3 (Groundball, 4)
|
Top of the 2nd over - 0 run(s), 0 hit(s), 0 error(s), 0 left on base; District 9 0 - Houston 1 |
BOTTOM OF THE 2ND |
Houston Hammertime batting - Pitching for District 9 Prawns : RHP Ignacio Morales
|
Batting: LHB António Camacho
|
0-0: Called Strike 0-1: Ball 1-1: Foul Ball, location: 2F 1-2: Foul Ball, location: 2F 1-2: SINGLE (Groundball, 6D)
|
Batting: LHB José Esparza
|
0-0: Swinging Strike 0-1: Fielders Choice at 2nd, 1-4 (Groundball, 15S)
|
Batting: RHB José García
|
0-0: Ball 1-0: Grounds into double play, 4-6-3 (Groundball, 4)
|
Bottom of the 2nd over - 0 run(s), 1 hit(s), 0 error(s), 0 left on base; District 9 0 - Houston 1 |
TOP OF THE 3RD |
District 9 Prawns batting - Pitching for Houston Hammertime : RHP Jun Kawashima
|
Batting: LHB Miguel Barrón
|
0-0: Ball 1-0: Called Strike 1-1: Fly out, F7 (Flyball, 7)
|
Batting: RHB Phil Jacobs
|
0-0: Ball 1-0: Ball 2-0: Foul Ball, location: 2F 2-1: Foul Ball, location: 2F 2-2: Foul Ball, location: 2F 2-2: Strikes out swinging
|
Batting: SHB Félix Montoya
|
0-0: Swinging Strike 0-1: Swinging Strike 0-2: Fly out, F4 (Line Drive, 4M)
|
Top of the 3rd over - 0 run(s), 0 hit(s), 0 error(s), 0 left on base; District 9 0 - Houston 1 |
BOTTOM OF THE 3RD |
Houston Hammertime batting - Pitching for District 9 Prawns : RHP Ignacio Morales
|
Batting: RHB Ánibal Pérez
|
0-0: Called Strike 0-1: Called Strike 0-2: Strikes out swinging
|
Batting: SHB Carlos Córdova
|
0-0: Ball 1-0: Ball 2-0: Called Strike 2-1: Swinging Strike 2-2: Ball 3-2: Fly out, F7 (Flyball, 7LSF)
|
Batting: RHB David Hernández
|
0-0: Ball 1-0: Foul Ball, location: 2F 1-1: Ball 2-1: Ground out 5-3 (Groundball, 56S)
|
Bottom of the 3rd over - 0 run(s), 0 hit(s), 0 error(s), 0 left on base; District 9 0 - Houston 1 |
TOP OF THE 4TH |
District 9 Prawns batting - Pitching for Houston Hammertime : RHP Jun Kawashima
|
Batting: RHB José Colón
|
0-0: Ball 1-0: Ball 2-0: Foul Ball, location: 2F 2-1: Ground out 5-3 (Groundball, 5)
|
Batting: SHB Rick Turner
|
0-0: Ball 1-0: Ball 2-0: Ball 3-0: Base on Balls
|
Batting: LHB Terry Simpson
|
0-0: Foul Ball, location: 2F 0-1: Foul Ball, location: 2F 0-2: Foul Ball, location: 2F 0-2: Ball 1-2: Ball 2-2: Ball 3-2: Foul Ball, location: 2F 3-2: 2-RUN HOME RUN (Flyball, 89XD), Distance : 394 ft
|
Batting: RHB Felipe Jareño
|
0-0: Foul Ball, location: 2F 0-1: Foul Ball, location: 2F 0-2: Ball 1-2: Ball 2-2: SINGLE (Line Drive, 56D)
|
Batting: LHB Culley Vaughan
|
0-0: Ball 1-0: Ball 2-0: Called Strike 2-1: Swinging Strike 2-2: Ball 3-2: Strikes out swinging
|
Batting: LHB Mike Davis
|
0-0: Fly out, F9 (Line Drive, 9)
|
Top of the 4th over - 2 run(s), 2 hit(s), 0 error(s), 1 left on base; District 9 2 - Houston 1 |
BOTTOM OF THE 4TH |
Houston Hammertime batting - Pitching for District 9 Prawns : RHP Ignacio Morales
|
Batting: RHB Alonso Holguín
|
0-0: Called Strike 0-1: Swinging Strike 0-2: Strikes out swinging
|
Batting: LHB Frank Geddes
|
0-0: Foul Ball, location: 2F 0-1: Swinging Strike 0-2: SOLO HOME RUN (Flyball, 9D), Distance : 370 ft
|
Batting: RHB John Major
|
0-0: Called Strike 0-1: Ball 1-1: SINGLE (Line Drive, 8RS)
|
Batting: LHB António Camacho
|
0-0: SINGLE (Groundball, 6MD) John Major to second John Major to third
|
Batting: LHB José Esparza
|
0-0: Ball 1-0: Called Strike 1-1: Ball 2-1: Foul Ball, location: 2F 2-2: Foul Ball, location: 2F 2-2: Foul Ball, location: 2F 2-2: Foul Ball, location: 2F 2-2: Foul Ball, location: 2F 2-2: Foul Ball, location: 2F 2-2: Ball 3-2: Strikes out swinging
|
Batting: RHB José García
|
0-0: Ball 1-0: Ball 2-0: Ball 3-0: Called Strike 3-1: SINGLE (Groundball, 56S) (infield hit) John Major scores António Camacho to second
|
Batting: RHB Ánibal Pérez
|
0-0: Foul Ball, location: 2F 0-1: Foul Ball, location: 2F 0-2: Ball 1-2: Foul Ball, location: 2F 1-2: Foul Ball, location: 2F 1-2: SINGLE (Groundball, 34D) António Camacho to third José García to second Runner from 3rd tries for Home, SAFE, no throw
|
Batting: SHB Carlos Córdova
|
0-0: Ball 1-0: Called Strike 1-1: Ball 2-1: TRIPLE (Line Drive, 8RM) José García scores Ánibal Pérez scores
|
Pitching: RHP Júlio Lucchi
|
|
Batting: RHB David Hernández
|
0-0: Ground out 6-3 (Groundball, 6S)
|
Bottom of the 4th over - 5 run(s), 6 hit(s), 0 error(s), 1 left on base; District 9 2 - Houston 6 |
TOP OF THE 5TH |
District 9 Prawns batting - Pitching for Houston Hammertime : RHP Jun Kawashima
|
Batting: LHB Miguel Barrón
|
0-0: Ground out 4-3 (Groundball, 34D)
|
Batting: RHB Phil Jacobs
|
0-0: Ball 1-0: Called Strike 1-1: Ball 2-1: Foul Ball, location: 2F 2-2: Strikes out looking
|
Batting: SHB Félix Montoya
|
0-0: Ball 1-0: Ball 2-0: Foul Ball, location: 2F 2-1: Ball 3-1: Swinging Strike 3-2: Strikes out looking
|
Top of the 5th over - 0 run(s), 0 hit(s), 0 error(s), 0 left on base; District 9 2 - Houston 6 |
BOTTOM OF THE 5TH |
Houston Hammertime batting - Pitching for District 9 Prawns : RHP Júlio Lucchi
|
Batting: RHB Alonso Holguín
|
0-0: Foul Ball, location: 2F 0-1: Ball 1-1: Foul Ball, location: 2F 1-2: Ball 2-2: Fly out, F3 (Popup, 34S)
|
Batting: LHB Frank Geddes
|
0-0: Ball 1-0: Ball 2-0: Ball 3-0: Base on Balls
|
Batting: RHB John Major
|
0-0: Grounds into double play, 6-4-3 (Groundball, 6)
|
Bottom of the 5th over - 0 run(s), 0 hit(s), 0 error(s), 0 left on base; District 9 2 - Houston 6 |
TOP OF THE 6TH |
District 9 Prawns batting - Pitching for Houston Hammertime : RHP Jun Kawashima
|
Pitching: RHP Dae-hee Ch'oe
|
|
Batting: RHB José Colón
|
0-0: Called Strike 0-1: Ball 1-1: Called Strike 1-2: Ball 2-2: Foul Ball, location: 2F 2-2: Foul Ball, location: 2F 2-2: Strikes out looking
|
Batting: SHB Rick Turner
|
0-0: Ball 1-0: Called Strike 1-1: Ball 2-1: Called Strike 2-2: Foul Ball, location: 2F 2-2: Ball 3-2: Base on Balls
|
Batting: LHB Terry Simpson
|
0-0: Called Strike 0-1: Called Strike 0-2: Ball 1-2: Ball 2-2: Ball 3-2: SINGLE (Line Drive, 78M) Rick Turner to second
|
Batting: RHB Felipe Jareño
|
0-0: Ball 1-0: Ball 2-0: Swinging Strike 2-1: 3-RUN HOME RUN (Flyball, 8LXD) (Inside the Park)
|
Pitching: RHP António Galindo
|
|
Batting: LHB Culley Vaughan
|
0-0: Called Strike 0-1: Called Strike 0-2: Strikes out swinging
|
Batting: LHB Mike Davis
|
0-0: Foul Ball, location: 2F 0-1: Ball 1-1: Swinging Strike 1-2: SINGLE (Line Drive, 78S)
|
Batting: LHB Miguel Barrón
|
0-0: Called Strike 0-1: Called Strike 0-2: Ball 1-2: Strikes out swinging
|
Top of the 6th over - 3 run(s), 3 hit(s), 0 error(s), 1 left on base; District 9 5 - Houston 6 |
BOTTOM OF THE 6TH |
Houston Hammertime batting - Pitching for District 9 Prawns : RHP Júlio Lucchi
|
Batting: LHB António Camacho
|
0-0: Called Strike 0-1: Ball 1-1: Foul Ball, location: 2F 1-2: Strikes out looking
|
Batting: LHB José Esparza
|
0-0: Called Strike 0-1: SINGLE (Groundball, 34D)
|
Batting: RHB José García
|
0-0: Grounds into double play, 4-6-3 (Groundball, 34)
|
Bottom of the 6th over - 0 run(s), 1 hit(s), 0 error(s), 0 left on base; District 9 5 - Houston 6 |
TOP OF THE 7TH |
District 9 Prawns batting - Pitching for Houston Hammertime : RHP António Galindo
|
Batting: RHB Phil Jacobs
|
0-0: Ball 1-0: Called Strike 1-1: Called Strike 1-2: Ball 2-2: Strikes out swinging
|
Batting: SHB Félix Montoya
|
0-0: Called Strike 0-1: Ball 1-1: Ball 2-1: Foul Ball, location: 2F 2-2: Fly out, F4 (Popup, 34)
|
Batting: RHB José Colón
|
0-0: Ball 1-0: Called Strike 1-1: Ball 2-1: Foul Ball, location: 2F 2-2: Ground out 6-3 (Groundball, 56)
|
Top of the 7th over - 0 run(s), 0 hit(s), 0 error(s), 0 left on base; District 9 5 - Houston 6 |
BOTTOM OF THE 7TH |
Houston Hammertime batting - Pitching for District 9 Prawns : RHP Júlio Lucchi
|
Batting: RHB Ánibal Pérez
|
0-0: Called Strike 0-1: Ball 1-1: Foul Ball, location: 2F 1-2: Ball 2-2: Fly out, F9 (Flyball, 9S)
|
Batting: SHB Carlos Córdova
|
0-0: Ball 1-0: Foul Ball, location: 2F 1-1: Ball 2-1: Ball 3-1: Foul Ball, location: 2F 3-2: SINGLE (Groundball, 56) (infield hit)
|
Pinch Hitting: LHB Juan Cabañas
|
0-0: Ball 1-0: Fly out, F2 (Popup, 25)
|
Batting: RHB Alonso Holguín
|
0-0: Ball 1-0: Ball 2-0: Ball 3-0: Foul Ball, location: 2F 3-1: Foul Ball, location: 2F 3-2: SINGLE (Groundball, 34D) Carlos Córdova to second Carlos Córdova to third
|
Batting: LHB Frank Geddes
|
0-0: Ball 1-0: SINGLE (Groundball, 34) (infield hit) Carlos Córdova scores Alonso Holguín to second
|
Pinch Hitting: LHB Pat Jones
|
0-0: Ball 1-0: Foul Ball, location: 2F 1-1: Ball Wild Pitch! Alonso Holguín to third Frank Geddes to second 2-1: Ball 3-1: Base on Balls
|
Batting: LHB António Camacho
|
0-0: Ball 1-0: Ball 2-0: Ball 3-0: Base on Balls Alonso Holguín scores Frank Geddes to third Pat Jones to second
|
Batting: LHB José Esparza
|
0-0: Ball 1-0: Ball 2-0: Foul Ball, location: 2F 2-1: Ball 3-1: Base on Balls Frank Geddes scores Pat Jones to third António Camacho to second
|
Pitching: RHP Lee Hecker
|
|
Batting: RHB José García
|
0-0: Foul Ball, location: 2F 0-1: SINGLE (Groundball, 56S) (infield hit) Pat Jones scores António Camacho to third José Esparza to second
|
Batting: RHB Ánibal Pérez
|
0-0: Ball 1-0: Foul Ball, location: 2F 1-1: Ball 2-1: Ball 3-1: Called Strike 3-2: SINGLE (Groundball, 6D) António Camacho scores José Esparza to third José García to second José Esparza scores José García to third
|
Batting: SHB Carlos Córdova
|
0-0: Ball 1-0: Ball 2-0: Foul Ball, location: 2F 2-1: Fly out, F9 (Flyball, 9S)
|
Bottom of the 7th over - 6 run(s), 5 hit(s), 0 error(s), 2 left on base; District 9 5 - Houston 12 |
TOP OF THE 8TH |
District 9 Prawns batting - Pitching for Houston Hammertime : RHP António Galindo
|
Now at 1B: Pat Jones
|
|
Now at 2B: Luis Miguel Sánchez
|
|
Now in CF: Pedro Meza
|
|
Batting: SHB Rick Turner
|
0-0: Ball 1-0: Ball 2-0: Called Strike 2-1: Foul Ball, location: 2F 2-2: Ground out 6-3 (Groundball, 6)
|
Batting: LHB Terry Simpson
|
0-0: Ground out 1-3 (Groundball, 15S)
|
Batting: RHB Felipe Jareño
|
0-0: Foul Ball, location: 2F 0-1: Ball 1-1: Swinging Strike 1-2: Ball 2-2: SINGLE (Groundball, 56D)
|
Batting: LHB Culley Vaughan
|
0-0: Ball 1-0: Fly out, F8 (Flyball, 8RS)
|
Top of the 8th over - 0 run(s), 1 hit(s), 0 error(s), 1 left on base; District 9 5 - Houston 12 |
BOTTOM OF THE 8TH |
Houston Hammertime batting - Pitching for District 9 Prawns : RHP Lee Hecker
|
Batting: RHB Luis Miguel Sánchez
|
0-0: Ball 1-0: Foul Ball, location: 2F 1-1: Ball 2-1: Ball 3-1: Base on Balls
|
Batting: RHB Alonso Holguín
|
0-0: Called Strike 0-1: Called Strike 0-2: Strikes out swinging
|
Batting: LHB Frank Geddes
|
0-0: Ball 1-0: Fly out, F8 (Flyball, 8LM)
|
Batting: LHB Pat Jones
|
0-0: Ball 1-0: Ball 2-0: Called Strike 2-1: Called Strike 2-2: Foul Ball, location: 2F 2-2: Foul Ball, location: 2F 2-2: Foul Ball, location: 2F 2-2: Fielders Choice at 2nd, U4 (Groundball, 4M)
|
Bottom of the 8th over - 0 run(s), 0 hit(s), 0 error(s), 1 left on base; District 9 5 - Houston 12 |
TOP OF THE 9TH |
District 9 Prawns batting - Pitching for Houston Hammertime : RHP António Galindo
|
Batting: LHB Mike Davis
|
0-0: Swinging Strike 0-1: DOUBLE (Line Drive, 78S)
|
Batting: LHB Miguel Barrón
|
0-0: Ball 1-0: Ground out 5-3 (Groundball, 56)
|
Batting: RHB Phil Jacobs
|
0-0: 2-RUN HOME RUN (Line Drive, 7D), Distance : 359 ft
|
Batting: SHB Félix Montoya
|
0-0: Called Strike 0-1: Swinging Strike 0-2: Strikes out swinging
|
Batting: RHB José Colón
|
0-0: SINGLE (Groundball, 6MD)
|
Batting: SHB Rick Turner
|
0-0: Ball 1-0: SINGLE (Line Drive, 78M) José Colón to second
|
Batting: LHB Terry Simpson
|
0-0: Ball 1-0: Ball 2-0: SINGLE (Line Drive, 9LM) José Colón to third Rick Turner to second
|
Pitching: RHP Brandon Williams
|
|
Batting: RHB Felipe Jareño
|
0-0: Called Strike 0-1: Ball 1-1: Foul Ball, location: 2F 1-2: Foul Ball, location: 2F 1-2: Ball 2-2: Strikes out swinging
|
Top of the 9th over - 2 run(s), 5 hit(s), 0 error(s), 3 left on base; District 9 7 - Houston 12 |
|